 Dungeon Crawl Stone Soup version 0.30.0-5-g1a98f26d00 (webtiles) character file.

Game seed: 13160513514061358115

4 tizbic2 the Gusty (level 1, -2/11 HPs)
             Began as an Octopode Air Elementalist on May 12, 2023.
             Frozen to death by an endoplasm (4 damage)
             ... on level 1 of the Dungeon.
             The game lasted 00:00:42 (101 turns).

tizbic2 the Gusty (Octopode Air Elementalist)        Turns: 101, Time: 00:00:43

Health: -2/11      AC:  1    Str:  7    XL:     1   Next: 60%
Magic:  3/3        EV: 13    Int: 17    God:
Gold:   0          SH:  0    Dex: 12    Spells: 3/4 levels left

rFire   . . .        b - +0 club
rCold   . . .        (no shield)
rNeg    . . .        (helmet restricted)
rPois   .            (no amulet)
rElec   .            (no ring)
rCorr   .            (no ring)
SInv    .            (no ring)
Will    .....        (no ring)
Stlth   +++          (no ring)
HPRegen 0.21/turn    (no ring)
MPRegen 0.08/turn    (no ring)
                     (no ring)

%: no passive effects
@: no status effects
A: almost no armour, amphibious, 8 rings, camouflage 1, gelatinous body 1,
(nimble swimmer 1), tentacles
a: no special abilities


You were on level 1 of the Dungeon.
You visited 1 branch of the dungeon, and saw 1 of its levels.

Inventory:

Hand Weapons
 b - a +0 club (weapon)
Potions
 a - a potion of magic


   Skills:
 + Level 0.2 Fighting
 + Level 2.0 Dodging
 - Level 2.6 Stealth
 + Level 2.0 Spellcasting
 + Level 1.1 Conjurations
 * Level 3.0 Air Magic


You had 3 spell levels left.
You knew the following spells:

 Your Spells              Type           Power      Damage    Failure   Level
a - Shock                 Conj/Air       32%        1d5       9%          1

Your spell library contained the following spells:

 Spells                   Type           Power      Damage    Failure   Level
 Static Discharge         Conj/Air       16%        2-3/arc   12%         2
 Swiftness                Air            12%        N/A       16%         3
 Call Canine Familiar     Summ           1%         N/A       50%         3
 Portal Projectile        Hex/Tloc       2%         N/A       50%         3
 Airstrike                Air            6%         2d(1-17)  47%         4
 Leda's Liquefaction      Hex/Erth       0%         N/A       88%         4


Dungeon Overview and Level Annotations

Branches:
Dungeon (1/15)

Altars:


Innate Abilities, Weirdness & Mutations

You cannot wear most types of armour.
You are amphibious.
You can wear up to eight rings at the same time.
Your skin changes colour to match your surroundings (Stealth+).
Your rubbery body absorbs attacks. (AC +1, EV +1)
((You are camouflaged when in or above water. (Stealth+)))
You have tentacles for arms and can constrict up to eight enemies at once.


Message History

The bat hits you but does no damage. The giant cockroach barely misses you.
You hit the giant cockroach. You grab the giant cockroach.
The giant cockroach is moderately wounded.
You constrict the giant cockroach, but do no damage.
The bat misses you. The giant cockroach bites you.
The giant cockroach misses you.
You barely miss the giant cockroach.
The giant cockroach is moderately wounded.
You constrict the giant cockroach. The bat hits you.
The giant cockroach barely misses you.
You hit the bat. Your grab misses the bat.
The bat is severely wounded.
You constrict the giant cockroach, but do no damage.
The bat barely misses you. The bat hits you but does no damage.
The giant cockroach closely misses you. The bat hits you but does no damage.
The giant cockroach closely misses you.
You barely miss the bat. You grab the bat. Your squeeze misses the bat.
The bat is severely wounded.
You constrict the bat, but do no damage.
You constrict the giant cockroach. The bat hits you but does no damage.
The bat struggles to escape constriction.
The bat closely misses you. The giant cockroach closely misses you.
The bat escapes!
You hit the endoplasm but do no damage. You constrict the giant cockroach.
You kill the giant cockroach!
The bat closely misses you. The endoplasm hits you.
You hit the endoplasm but do no damage. The bat hits you but does no damage.
The endoplasm barely misses you.
You hit the endoplasm. You squeeze the endoplasm.
The endoplasm is heavily wounded.
The bat hits you. The endoplasm freezes you.
You are frozen.
* * * LOW HITPOINT WARNING * * *
You hit the endoplasm. Your squeeze misses the endoplasm.
The endoplasm is severely wounded.
The bat closely misses you. The bat misses you. The endoplasm freezes you.
You are frozen.
You die...

.. .## ###########..#
.#........##.#
....#####.##.#
.......##.##.######
######.#..........# #
#...#........######
#.........b@......#
#...#...>..†J...... ###
#.................. ..#
#..................
..####...#..............
.....#...#..............
.....+..................
..... ##$.............
..# ##............


You could see an endoplasm and a bat.

Vanquished Creatures
  A giant cockroach (D:1)
  A goblin (D:1)
  A hobgoblin (D:1)
3 creatures vanquished.

Notes
Turn   | Place    | Note
-------+----------+-------------------------------------------
     0 | D:1      | tizbic2 the Octopode Air Elementalist began the quest for
                  | the Orb.
     0 | D:1      | Reached XP level 1. HP: 11/11 MP: 3/3
   101 | D:1      | Frozen to death by an endoplasm

Illustrated notes

Levels and vault maps discovered:
D:1:      minmay_arrival_cross, layout_rooms

Action                     || total
---------------------------++-------
  Melee: Club              ||     9
         Constrict         ||     5
         Unarmed           ||     4
         Tentacles         ||     4
   Cast: Shock             ||     1
 Armour: Skin              ||     5
  Dodge: Dodged            ||    16
